 Dungeon Crawl Stone Soup version 0.27-a0-1116-g91b3acb402 (webtiles) character file.

Game seed: 14399179810826312820

45 ytrimaz the Sneak (level 3, 0/24 HPs)
             Began as an Octopode Brigand on May 2, 2021.
             Slain by a jackal (3 damage)
             ... on level 2 of the Dungeon.
             The game lasted 00:01:53 (1544 turns).

ytrimaz the Sneak (Octopode Brigand)                Turns: 1544, Time: 00:01:54

Health: 0/24       AC:  1    Str: 16    XL:     3   Next: 64%
Magic:  3/3        EV: 12    Int: 13    God:
Gold:   45         SH:  0    Dex: 14    Spells: 2/2 levels left

rFire    . . .     SeeInvis .   a - +2 dagger
rCold    . . .     Faith    .   (no shield)
rNeg     + . .     Spirit   .   (helmet restricted)
rPois    .         Reflect  .   (no amulet)
rElec    .         Harm     .   f - +6 ring of strength
rCorr    .         Rampage  .   e - ring of positive energy
Will     .....                  (no ring)
Stlth    ++++......             (no ring)
HPRegen  0.08/turn              (no ring)
MPRegen  0.08/turn              (no ring)
                                (no ring)
                                (no ring)

@: no status effects
A: almost no armour, amphibious, 8 rings, camouflage 1, gelatinous body 1,
(nimble swimmer 1), tentacles
a: no special abilities


You were on level 2 of the Dungeon.
You visited 1 branch of the dungeon, and saw 2 of its levels.

You collected 45 gold pieces.

Inventory:

Hand Weapons
 a - a +2 dagger (weapon)
Missiles
 b - 8 poisoned darts (quivered)
 c - 2 curare-tipped darts
Jewellery
 e - a ring of positive energy (right tentacle)
 f - a +6 ring of strength (left tentacle)
 i - an amulet of the acrobat
Scrolls
 h - 2 scrolls of fog
Potions
 d - a potion of invisibility {unknown}
 g - a potion of heal wounds {unknown}


   Skills:
 - Level 2.0 Fighting
 + Level 2.1 Short Blades
 - Level 2.0 Throwing
 - Level 1.0 Dodging
 * Level 7.2 Stealth


You had 2 spell levels left.
You didn't know any spells.
Your spell library was empty.

Dungeon Overview and Level Annotations

Branches:
Dungeon (2/15)

Altars:

Shops:
D:2 [


Innate Abilities, Weirdness & Mutations

You cannot wear most types of armour.
You are amphibious.
You can wear up to eight rings at the same time.
Your skin changes colour to match your surroundings (Stealth+).
Your rubbery body absorbs attacks. (AC +1, EV +1)
((You are camouflaged near water. (Stealth+)))
You have tentacles for arms and can constrict up to eight enemies at once.


Message History

The jackal barks!
The ball python bites you but does no damage.
The ball python grabs you. The ball python constricts you.
The jackal bites you. The jackal closely misses you.
You hit the jackal. You grab the jackal.
The jackal is moderately wounded.
You constrict the jackal. The jackal barely misses you.
The ball python bites you. The ball python constricts you.
The jackal closely misses you. The jackal barely misses you.
You hit the jackal. You squeeze the jackal.
You kill the jackal!
The ball python bites you. The ball python constricts you.
The jackal bites you but does no damage.
The ball python bites you. The ball python constricts you.
The ball python's grasp on you weakens, but your attempt to escape fails.
The jackal bites you.
* * * LOW HITPOINT WARNING * * *
The ball python closely misses you.
* * * LOW HITPOINT WARNING * * *
The ball python constricts you.
Unknown command.
You escape the ball python's grasp.
The jackal bites you.
* * * LOW HITPOINT WARNING * * *
You see here a jackal corpse.
As you read the scroll of fog, it crumbles to dust.
The scroll dissolves into smoke.
The ball python closely misses you. The ball python barely misses you.
The jackal barely misses you. The ball python barely misses you.
The ball python closely misses you.
Unknown command.
The jackal completely misses you. The jackal bites you.
* * * LOW HITPOINT WARNING * * *
The ball python bites you.
* * * LOW HITPOINT WARNING * * *
The ball python grabs you.
* * * LOW HITPOINT WARNING * * *
The ball python constricts you.
You escape the ball python's grasp.
The jackal bites you.
You die...

#.# ##..#.....##.. #####.#
#..(......##.. ###+###...§§#
#....#######..
.....∩§§§§§§######....#######..
......§§§§§§...................
#...w.§§§§§§............#######
#......§######S.......#........
..####### ####h##.....#....####
####...@##.....#....####
#.......##.#####........
#[.......#.#####.######.
#................# #.
#....#......÷##### #.
#...†#<......# #.
#.†..###.#...# #.
#....###.#...# #.
#######......# #.


You could see a jackal and a ball python.

Vanquished Creatures
  An adder (D:2)
  2 dart slugs
  3 ball pythons (D:2)
  An endoplasm (D:1)
  A giant cockroach (D:2)
  4 goblins (D:1)
  A hobgoblin (D:1)
  4 jackals (D:2)
  3 kobolds
  2 quokkas
  4 bats
  2 rats (D:1)
28 creatures vanquished.

Notes
Turn   | Place    | Note
-------+----------+-------------------------------------------
     0 | D:1      | ytrimaz the Octopode Brigand began the quest for the Orb.
     0 | D:1      | Reached XP level 1. HP: 14/14 MP: 1/1
   343 | D:1      | Reached XP level 2. HP: 19/19 MP: 2/2
   358 | D:1      | Reached skill level 6 in Stealth
   799 | D:2      | Reached XP level 3. HP: 10/24 MP: 3/3
  1291 | D:2      | Found a faded altar of an unknown god.
  1314 | D:2      | Reached skill level 7 in Stealth
  1525 | D:2      | Found Rarphunta's Antique Armour Emporium.
  1544 | D:2      | Slain by a jackal

Illustrated notes

Levels and vault maps discovered:
D:1:      ncdulo_lavacross, layout_basic
D:2:      layout_basic, ebering_ecumenical_altar_rust, serial_shops, shop

Skill      XL: |  1  2  3 |
---------------+----------+-----
Stealth        | 6 7 |  7.2
Fighting       | |  2.0
Short Blades   | |  2.1
Throwing       | |  2.0
Dodging        | |  1.0

Action                   || total
-------------------------++-------
Melee: Dagger            ||    43
       Constrict         ||     8
       Tentacles         ||     4
  Use: Scroll            ||     2
 Stab: Sleeping          ||    12
Armor: Skin              ||     5
Dodge: Dodged            ||    32

Table legend: (Time is in decaauts)
 A = Elapsed time spent in this place.
 B = Non-inter-level travel time spent in this place.
 C = Inter-level travel time spent in this place.
 D = Time resting spent in this place.
 E = Time spent auto-exploring this place.
 F = Levels seen in this place.
 G = Mean time per level.
                   A        B        C        D        E       F      G
               +--------+--------+--------+--------+--------+-----+--------+
         Total |   1538 |   1532 |      6 |    364 |    952 |   2 |  769.0 |
       Dungeon |   1538 |   1532 |      6 |    364 |    952 |   2 |  769.0 |
               +--------+--------+--------+--------+--------+-----+--------+

Top non-repeatable levels by time:
     D:1: 789 daAuts
     D:2: 748 daAuts
